 Dungeon Sprint DCSS version 0.29-a0-222-g5b244fca1f (webtiles) character file.

Game seed: 17286365443450397221

271478 mhtbhm the Axe Maniac (level 17, -3/286 HPs)
             Began as a Minotaur Berserker on Feb 27, 2022.
             Was the Champion of Trog.
             Killed from afar by Ereshkigal (6 damage)
             ... with a bolt of cold
             ... in the Dungeon (Sprint III: "The Ten Rune Challenge").
             The game lasted 00:33:38 (17472 turns).

mhtbhm the Axe Maniac (Minotaur Berserker)         Turns: 17472, Time: 00:33:39

Health: -3/286     AC: 38    Str: 35    XL:     17   Next: 84%
Magic:  0/16       EV: 22    Int:  1    God:    Trog [******]
Gold:   2648       SH: 34    Dex: 15    Spells: 16/16 levels left

rFire   + + .      SeeInvis +   H - +7 broad axe of Conscience {vorpal, rElec rPois Str+4 Int-5}
rCold   + + .      Faith    .   e - +4 tower shield {reflect}
rNeg    + + .      Spirit   .   b - +2 plate armour {rF+}
rPois   +          Reflect  +   (helmet unavailable)
rElec   +          Harm     .   I - +4 dragonskin cloak
rCorr   +          Rampage  .   s - +2 pair of gloves {infuse}
Will    +....      NoTele   +   N - +0 pair of boots of the Big Bang {rF+ rCorr Int+2}
Stlth   ..........              O - amulet of Law {Reflect Dex+4 SH+5}
HPRegen 0.57/turn               F - ring of the Death Scarab {rN+ Str+2 Slay+4}
MPRegen 0.15/turn               D - ring of Cioxocla {rPois rC+ rN+ SInv Stlth-}

@: berserking, very quick
A: horns 3, retaliatory headbutt, iridescent scales 1, cold resistance 1
}: 5/10 runes: decaying, barnacled, golden, iron, demonic
a: Renounce Religion, Berserk, Trog's Hand, Brothers in Arms


You were in the Dungeon.
You worshipped Trog.
Trog was exalted by your worship.
You visited 1 branch You collected 4613 gold pieces.
You spent 1965 gold pieces at shops.

Inventory:

Hand Weapons
 a - the +12 executioner's axe of the Shining Light {venom, *Slow Int+8 Dex+9 Stlth-}
   (You acquired it in the Dungeon)

   It poisons the flesh of those it strikes.
   Int:       It affects your intelligence (+8).
   Dex:       It affects your dexterity (+9).
   *Slow:     It may slow you when you take damage.
   Stlth:     It makes you less stealthy.
 i - a +0 trishula of holy wrath
 x - a +3 battleaxe of flaming
 y - the +12 lajatang of Yhamib {vorpal, rElec}
   (Trog gifted it to you in the Dungeon)

   It inflicts extra damage upon your enemies.
   rElec:     It insulates you from electricity.
 B - a +6 vorpal executioner's axe
 E - a +2 great mace of holy wrath
 G - the +12 battleaxe "Liwunob" {vorpal, *Slow Fly rElec rF+++}
   (Trog gifted it to you in the Dungeon)

   It inflicts extra damage upon your enemies.
   rF:        It renders you almost immune to fire.
   rElec:     It insulates you from electricity.
   Fly:       It grants you flight.
   *Slow:     It may slow you when you take damage.
 H - the +7 broad axe of Conscience (weapon) {vorpal, rElec rPois Str+4 Int-5}
   (You found it in the Dungeon)

   It inflicts extra damage upon your enemies.
   Str:       It affects your strength (+4).
   Int:       It affects your intelligence (-5).
   rElec:     It insulates you from electricity.
   rPois:     It protects you from poison.
Missiles
 k - 7 curare-tipped darts (quivered)
 P - 20 silver javelins
Armour
 b - a +2 plate armour of fire resistance (worn)
 e - a +4 tower shield of reflection (worn)
 s - a +2 pair of gloves of infusion (worn)
 t - a +0 cloak of willpower
 I - the +4 dragonskin cloak (worn)
   (You took it off Tiamat in the Dungeon)

   It grants the wearer a chance to resist fire, cold, poison, electricity,
   acid, and negative energy.
 N - the +0 pair of boots of the Big Bang (worn) {rF+ rCorr Int+2}
   (You acquired it in the Dungeon)

   Int:       It affects your intelligence (+2).
   rF:        It protects you from fire.
   rCorr:     It protects you from acid and corrosion.
 T - the +2 pair of gloves of the Four of Cups {rF+ rN+ Will+}
   (You found it in the Dungeon)

   rF:        It protects you from fire.
   rN:        It protects you from negative energy.
   Will:      It increases your willpower.
Jewellery
 r - a ring of flight
 D - the ring of Cioxocla (right hand) {rPois rC+ rN+ SInv Stlth-}
   (You acquired it in the Dungeon)

   [ring of see invisible]

   rC:        It protects you from cold.
   rPois:     It protects you from poison.
   rN:        It protects you from negative energy.
   SInv:      It lets you see invisible.
   Stlth:     It makes you less stealthy.
 F - the ring of the Death Scarab (left hand) {rN+ Str+2 Slay+4}
   (You found it in the Dungeon)

   [ring of slaying]

   Str:       It affects your strength (+2).
   Slay:      It affects your accuracy & damage with ranged weapons and melee
   (+4).
   rN:        It protects you from negative energy.
 K - the ring of Oguchai {rElec rC+ MP+9 SInv}
   (You found it in the Dungeon)

   [ring of see invisible]

   rC:        It protects you from cold.
   rElec:     It insulates you from electricity.
   MP:        It affects your magic capacity (+9).
   SInv:      It lets you see invisible.
 O - the amulet of Law (around neck) {Reflect Dex+4 SH+5}
   (You acquired it in the Dungeon)

   [amulet of reflection]

   It reflects blocked missile attacks.
   Dex:       It affects your dexterity (+4).
   SH:        It affects your SH (+5).
 R - the ring of Madier {rPois rF+ rN+ Str+2}
   (You found it in the Dungeon)

   [ring of poison resistance]

   Str:       It affects your strength (+2).
   rF:        It protects you from fire.
   rPois:     It protects you from poison.
   rN:        It protects you from negative energy.
 U - an amulet of faith
 V - a ring of ice
Wands
 d - a wand of paralysis (6)
 h - a wand of mindburst (5)
 p - a wand of digging (5)
 u - a wand of flame (15)
Scrolls
 l - 6 scrolls of identify
 z - a scroll of summoning
Potions
 c - 4 potions of curing
 f - 4 potions of magic
 g - a potion of berserk rage
 j - a potion of mutation
 m - a potion of resistance
 n - 3 potions of flight
 o - a potion of ambrosia
 w - a potion of might
 A - 2 potions of attraction
 C - a potion of cancellation
 J - a potion of heal wounds
 L - a potion of haste
Miscellaneous
 q - a phial of floods
 v - a lightning rod (4/4)
 M - a phantom mirror
 Q - the horn of Geryon


   Skills:
 O Level 27 Fighting
 O Level 27 Axes
 + Level 21.3 Throwing
 O Level 27 Armour
 + Level 26.7 Dodging
 + Level 12.0 Stealth
 O Level 27 Shields
 + Level 19.2 Evocations


You had 16 spell levels left.
You didn't know any spells.
Your spell library was empty.

Dungeon Overview and Level Annotations

Branches:
Dungeon (1/1)

Altars:
Cheibriados
Dithmenos
Elyvilon
Fedhas
Gozag
Hepliaklqana
Kikubaaqudgha
Makhleb
Nemelex Xobeh
Okawaru
Qazlal
Ru
Sif Muna
Trog
Uskayaw
Vehumet
Wu Jian
Xom
Yredelemnul
Zin
The Shining One
Beogh
Jiyva
Lugonu

Shops:
D (?:==[!![[[![?[:([==(=!

Annotations:
D Ereshkigal


Innate Abilities, Weirdness & Mutations

You have a pair of large horns on your head.
You reflexively headbutt those who attack you in melee.
You are partially covered in iridescent scales. (AC +2)
Your flesh is cold resistant. (rC+)


Message History

Press: ? - help, v - describe, . - travel
Here: Ereshkigal (purple smoke, moderately wounded)
The floor.
Unknown command.
You cut Ereshkigal into ribbons!!!
Ereshkigal is heavily wounded.
You cut the Tzitzimitl into ribbons!!!
You kill the Tzitzimitl!
The Tzitzimitl disappears in a puff of smoke!
You block Ereshkigal's attack.
You barely miss Ereshkigal. Your headbutt misses Ereshkigal.
Ereshkigal is heavily wounded.
You block Ereshkigal's attack.
Found 8 potions of heal wounds.
You slash Ereshkigal!
Ereshkigal is heavily wounded.
Ereshkigal hits you but does no damage.
You slice Ereshkigal!! Your headbutt misses Ereshkigal.
Ereshkigal is severely wounded.
You block Ereshkigal's attack.
You slice Ereshkigal!!
Ereshkigal is severely wounded.
You feel yourself speed up. Ereshkigal gestures at you.
The bolt of cold hits you! You resist.
* * * LOW HITPOINT WARNING * * *
You slash Ereshkigal!
Ereshkigal is severely wounded.
Ereshkigal gestures at you.
You suddenly lose the ability to move!
Ereshkigal hits you but does no damage. x3
You can move again.
You slice Ereshkigal!! Your headbutt misses Ereshkigal.
Ereshkigal is almost dead.
Unknown command.
You completely miss Ereshkigal.
Ereshkigal is almost dead.
Ereshkigal gestures at you. The bolt of cold hits you. You resist.
You die...

▓#######'#############+#
#§..#....#..§# ***≈≈≈≈≈
#§..§)§.§§.§§# *,*≈***≈
#..§#.§§§#§§§#**+*≈+,*≈
##§########)##*≈≈≈≈***≈
#§..§.§§...# *≈≈≈≈≈≈≈≈
##§##########**≈≈≈≈*+*≈
#.§§#.§§§§§§,*****≈*,*≈
#.§.)§@§§§§,,* *,+≈***≈
#.§§#§&§§§..!# ***≈≈≈≈≈
############## ******


You could see Ereshkigal.

Vanquished Creatures
  Gloorx Vloq (D)
  Dispater (D)
  Tiamat (D)
  Mennas (D)
  An ancient lich (D)
  8 royal mummies (D)
  Boris (D)
  A Killer Klown (D)
  the Lernaean hydra (D)
  Frederick (D)
  Nikola (D)
  Geryon (D)
  3 bone dragons (D)
  An electric golem (D)
  3 Hell Sentinels (D)
  An iron giant (D)
  Rupert (D)
  A lich (D)
  2 Orb Guardians (D)
  5 deep elf blademasters (D)
  An ancient champion (D)
  Gastronok (D)
  A kraken (D)
  2 shadow dragons (D)
  Chuck (D)
  Harold (D)
  An Executioner (D)
  2 sphinxes (D)
  A storm dragon (D)
  Roxanne (D)
  4 azure jellies (D)
  A fire giant (D)
  An iron dragon (D)
  2 draconian knights (D)
  A frost giant (D)
  3 ghost moths (D)
  2 draconian scorchers (D)
  4 war gargoyles (D)
  4 draconian stormcallers (D)
  4 vampire knights (D)
  2 stone giants (D)
  Azrael (D)
  Nessos (D)
  A yellow draconian (D)
  2 dire elephants (D)
  An iron golem (D)
  12 mummy priests (D)
  4 yaktaur captains (D)
  A fire dragon (D)
  Josephine (D)
  2 hell beasts (D)
  3 hydras (D)
  3 centaur warriors (D)
  An ogre mage (D)
  3 alligator snapping turtles (D)
  4 death yaks (D)
  Urug (D)
  4 dancing weapons (D)
  3 deep elf knights (D)
  2 iron elementals (D)
  4 titan zombies (D)
  2 soul eaters (D)
  5 orc high priests (D)
  2 sun demons (D)
  6 skeletal warriors (D)
  A death drake (D)
  A shadow wraith (D)
  A glowing orange brain (D)
  A spriggan druid (D)
  An anaconda zombie (D)
  A swamp dragon (D)
  An orange crystal statue (D)
  An obsidian statue (D)
  A lindwurm (D)
  Joseph (D)
  3 deep elf zephyrmancers (D)
  6 ugly things (D)
  A deep elf pyromancer (D)
  2 oklob plants (D)
  2 orc knights (D)
  4 crystal guardians (D)
  A shining eye (D)
  A moth of wrath (D)
  An elephant (shapeshifter) (D)
  2 elephants (D)
  A molten gargoyle (D)
  2 black mambas (D)
  3 rust devils (D)
  7 statues (D)
  An unseen horror (D)
  A komodo dragon (D)
  2 cane toads (D)
  12 yaktaurs (D)
  An anaconda simulacrum (D)
  A rime drake (D)
  2 ice devils (D)
  25 guardian mummies (D)
  3 wandering mushrooms (D)
  A queen bee (D)
  4 spriggan defenders (D)
  7 slime creatures (D)
  2 tyrant leeches (D)
  3 snapping turtles (D)
  3 hornets (D)
  8 blink frogs (D)
  11 shadows (D)
  2 spriggans (D)
  A golden eye (D)
  3 redbacks (D)
  A redback (shapeshifter) (D)
  A spatial vortex (D)
  2 iron troll simulacra (D)
  2 floating eyes (D)
  3 swamp drakes (D)
  2 orc warriors (D)
  A black mamba simulacrum (D)
  A necrophage (D)
  2 centaurs (D)
  An earth elemental (D)
  A water elemental (D)
  32 killer bees (D)
  2 electric eels (D)
  12 quasits (D)
  A jelly (D)
  3 orc priests (D)
  2 orc wizards (D)
  3 necromancers (D)
  A wizard (D)
  3 wolf simulacra (D)
  3 humans (D)
  A kobold demonologist (D)
  A phantom (D)
  10 orcs (D)
  An endoplasm (D)
  A ball python simulacrum (D)
  A ball python zombie (D)
  2 bat simulacra (D)
  A giant cockroach simulacrum (D)
  A giant cockroach zombie (D)
  3 rats (D)
  A bush (D)
  5 plants (D)
  3 tentacles (D)
394 creatures vanquished.

Vanquished Creatures (collateral kills)
  Mara (D)
  Nellie (D)
  A mummy priest (D)
3 creatures vanquished.

Vanquished Creatures (others)
  A statue (D)
  A yaktaur (D)
  An electric eel (D)
  5 ball lightnings (D)
  3 ballistomycete spores (D)
  A bush (D)
  45 plants (D)
  2 tentacles (D)
59 creatures vanquished.

Grand Total: 456 creatures vanquished

Notes
Turn   | Place    | Note
-------+----------+-------------------------------------------
     0 | D        | mhtbhm the Minotaur Berserker began the quest for the Orb.
     0 | D        | Reached XP level 1. HP: 19/19 MP: 0/0
    40 | D        | Reached ** piety under Trog
    71 | D        | Reached skill level 5 in Fighting
    71 | D        | Reached skill level 5 in Axes
    71 | D        | Reached XP level 2. HP: 18/29 MP: 1/1
   267 | D        | Gained mutation: Your flesh is cold resistant. (rC+)
                  | [potion of mutation]
   267 | D        | Gained mutation: You have a pair of large horns on your
                  | head. [potion of mutation]
   267 | D        | Gained mutation: You are partially covered in iridescent
                  | scales. (AC +2) [potion of mutation]
   291 | D        | Noticed a water elemental
   295 | D        | Killed a water elemental
   295 | D        | Reached *** piety under Trog
   296 | D        | Reached XP level 3. HP: 34/39 MP: 2/2
   296 | D        | Reached XP level 4. HP: 41/47 MP: 3/3
   427 | D        | Found a basalt altar of Yredelemnul.
   427 | D        | Found a shadowy altar of Dithmenos.
   427 | D        | Found a sacrificial altar of Ru.
   427 | D        | Noticed a necrophage
   430 | D        | Killed a necrophage
   431 | D        | Reached XP level 5. HP: 45/55 MP: 4/4
   615 | D        | Found a radiant altar of Vehumet.
   615 | D        | Found a shimmering blue altar of Sif Muna.
   615 | D        | Found an ancient bone altar of Kikubaaqudgha.
   617 | D        | Reached **** piety under Trog
   621 | D        | Reached skill level 10 in Axes
   621 | D        | Reached skill level 1 in Stealth
   635 | D        | Found a glowing silver altar of Zin.
   635 | D        | Found a glowing golden altar of the Shining One.
   635 | D        | Found a white marble altar of Elyvilon.
   636 | D        | Noticed a deep elf pyromancer
   640 | D        | Killed a deep elf pyromancer
   641 | D        | Reached XP level 6. HP: 55/68 MP: 5/5
   641 | D        | Reached XP level 7. HP: 60/74 MP: 6/6
   718 | D        | Found a hide-covered altar of Uskayaw.
   718 | D        | Found an iron altar of Okawaru.
   718 | D        | Found a bloodstained altar of Trog.
   718 | D        | Found an ornate altar of the Wu Jian Council.
   718 | D        | Noticed a human
   719 | D        | Noticed a human
   723 | D        | Killed a human
   723 | D        | Reached ***** piety under Trog
   725 | D        | Killed a human
   792 | D        | Noticed a shadow
   797 | D        | Killed a shadow
   798 | D        | Reached XP level 8. HP: 84/85 MP: 7/7
   803 | D        | Found a blossoming altar of Fedhas.
   803 | D        | Found a stormy altar of Qazlal.
   803 | D        | Found a snail-covered altar of Cheibriados.
   803 | D        | Found a burning altar of Makhleb.
   803 | D        | Found a shimmering altar of Xom.
   807 | D        | Found a hazy altar of Hepliaklqana.
   807 | D        | Found an opulent altar of Gozag.
   807 | D        | Found a sparkling altar of Nemelex Xobeh.
   807 | D        | Found a corrupted altar of Lugonu.
   807 | D        | Found a viscous altar of Jiyva.
   833 | D        | Noticed Josephine
   843 | D        | Killed Josephine
   843 | D        | Received a gift from Trog
   844 | D        | Reached skill level 15 in Axes
   954 | D        | Noticed a centaur warrior
   958 | D        | Killed a centaur warrior
   959 | D        | Reached skill level 1 in Evocations
   959 | D        | Reached XP level 9. HP: 84/95 MP: 8/8
   960 | D        | Reached skill level 5 in Stealth
  1029 | D        | Killed an unseen horror
  1189 | D        | Noticed a wandering mushroom
  1193 | D        | Noticed a wandering mushroom
  1195 | D        | Noticed a wandering mushroom
  1198 | D        | Killed a wandering mushroom
  1251 | D        | Received a gift from Trog
  1293 | D        | Found Iffynwilo's Jewellery Boutique.
  1293 | D        | Noticed an orc high priest
  1297 | D        | Noticed an orc high priest
  1299 | D        | Noticed an ice devil
  1300 | D        | Reached skill level 15 in Fighting
  1300 | D        | Noticed an orc high priest
  1301 | D        | Noticed a rust devil
  1301 | D        | Noticed an orange demon
  1302 | D        | Killed an orc high priest
  1303 | D        | Reached XP level 10. HP: 106/106 MP: 9/9
  1305 | D        | Received a gift from Trog
  1306 | D        | Reached ****** piety under Trog
  1307 | D        | Noticed an orange demon
  1309 | D        | Killed an orc high priest
  1315 | D        | Received a gift from Trog
  1318 | D        | Killed an orc high priest
  1482 | D        | Noticed a deep elf zephyrmancer
  1482 | D        | Noticed a deep elf zephyrmancer
  1482 | D        | Noticed a deep elf knight
  1482 | D        | Noticed a deep elf zephyrmancer
  1482 | D        | Noticed a deep elf knight
  1493 | D        | Killed a deep elf knight
  1497 | D        | Killed a deep elf zephyrmancer
  1498 | D        | Killed a deep elf knight
  1498 | D        | Received a gift from Trog
  1501 | D        | Noticed a deep elf annihilator
  1504 | D        | Killed a deep elf zephyrmancer
  1505 | D        | Killed a deep elf zephyrmancer
  1506 | D        | Reached XP level 11. HP: 117/117 MP: 10/10
  1607 | D        | Identified the +8 rapier "Uhocu" {vorpal, Contam rElec
                  | rCorr} (Trog gifted it to you in the Dungeon)
  1607 | D        | Received a gift from Trog
  1608 | D        | Reached skill level 10 in Armour
  1619 | D        | Received a gift from Trog
  1629 | D        | Received a gift from Trog
  1644 | D        | Received a gift from Trog
  1814 | D        | Noticed Nellie
  1839 | D        | Killed Nellie
  1840 | D        | Reached skill level 10 in Dodging
  1850 | D        | Got a demonic rune of Zot
  2180 | D        | Noticed Harold
  2180 | D        | Noticed Joseph
  2185 | D        | Killed Harold
  2191 | D        | Killed Joseph
  2345 | D        | Received a gift from Trog
  2437 | D        | Noticed an obsidian statue
  2447 | D        | Killed an obsidian statue
  2459 | D        | Found Osyf's Weapon Emporium.
  2459 | D        | Found Iteplily's Jewellery Shop.
  2459 | D        | Found Otzoj's Antique Armour Boutique.
  2459 | D        | Found Wadir's Distillery.
  2459 | D        | Found Wuehots's Book Boutique.
  2459 | D        | Found Xappabit's Antique Armour Emporium.
  2459 | D        | Found Lidemom's Magic Scroll Shoppe.
  2459 | D        | Found Puigucir's Jewellery Shop.
  2459 | D        | Found Juesumif's Antique Weapon Emporium.
  2459 | D        | Found Jorcheog's Antique Armour Emporium.
  2459 | D        | Found Xudam's Jewellery Boutique.
  2506 | D        | Bought a ring of flight for 175 gold pieces
  2513 | D        | Bought a pair of runed gloves for 202 gold pieces
  2513 | D        | Bought an embroidered cloak for 202 gold pieces
  2540 | D        | Bought a runed plate armour for 650 gold pieces
  2553 | D        | Noticed a crystal guardian
  2553 | D        | Noticed a crystal guardian
  2553 | D        | Noticed a crystal guardian
  2553 | D        | Noticed a crystal guardian
  2561 | D        | Killed a crystal guardian
  2564 | D        | Killed a crystal guardian
  2565 | D        | Killed a crystal guardian
  2568 | D        | Killed a crystal guardian
  2773 | D        | Received a gift from Trog
  2781 | D        | Reached XP level 12. HP: 136/136 MP: 0/11
  2837 | D        | Noticed a centaur warrior
  2840 | D        | Killed a centaur warrior
  2851 | D        | Noticed a centaur warrior
  2854 | D        | Killed a centaur warrior
  2944 | D        | Noticed a fire dragon
  2950 | D        | Killed a fire dragon
  2950 | D        | Received a gift from Trog
  3127 | D        | Noticed a yaktaur captain
  3162 | D        | Received a gift from Trog
  3170 | D        | Killed a yaktaur captain
  3332 | D        | Noticed Chuck
  3343 | D        | Killed Chuck
  3652 | D        | Noticed a bone dragon
  3663 | D        | Killed a bone dragon
  3663 | D        | Identified the +12 lajatang of Yhamib {vorpal, rElec} (Trog
                  | gifted it to you in the Dungeon)
  3663 | D        | Received a gift from Trog
  3734 | D        | Noticed a vampire knight
  3741 | D        | Killed a vampire knight
  3742 | D        | Reached skill level 15 in Armour
  3780 | D        | Reached XP level 13. HP: 92/150 MP: 7/12
  3881 | D        | Noticed a bone dragon
  3888 | D        | Killed a bone dragon
  3888 | D        | Identified the +6 battleaxe of the Brain {antimagic, rElec
                  | rC- rN+} (Trog gifted it to you in the Dungeon)
  3888 | D        | Received a gift from Trog
  4084 | D        | Noticed a vampire knight
  4089 | D        | Killed a vampire knight
  4120 | D        | Received a gift from Trog
  4138 | D        | Noticed a bone dragon
  4146 | D        | Killed a bone dragon
  4965 | D        | Noticed Azrael
  4968 | D        | Killed Azrael
  4992 | D        | Received a gift from Trog
  5065 | D        | Received a gift from Trog
  5170 | D        | Noticed Urug
  5174 | D        | Killed Urug
  5198 | D        | Received a gift from Trog
  5245 | D        | Found a blossoming altar of Fedhas.
  5309 | D        | Identified the +2 executioner's axe "Kiguw" {vorpal, rF+
                  | Str+2} (Trog gifted it to you in the Dungeon)
  5309 | D        | Received a gift from Trog
  5346 | D        | Identified the +2 dagger "Qoqymicsa" {freeze, rPois rF+ rC-
                  | Dex+4}
  5352 | D        | Acquired the ring of Cioxocla {rPois rC+ rN+ SInv Stlth-}
  5357 | D        | Acquired the +12 executioner's axe of the Shining Light
                  | {venom, *Slow Int+8 Dex+9 Stlth-}
  5566 | D        | Received a gift from Trog
  5686 | D        | Noticed a dire elephant
  5686 | D        | Noticed a dire elephant
  5687 | D        | Noticed Gastronok
  5696 | D        | Killed a dire elephant
  5697 | D        | Reached skill level 27 in Axes
  5704 | D        | Killed a dire elephant
  5704 | D        | Received a gift from Trog
  5708 | D        | Killed Gastronok
  5709 | D        | Reached skill level 27 in Fighting
  5766 | D        | Noticed an azure jelly
  5766 | D        | Noticed an azure jelly
  5766 | D        | Noticed an azure jelly
  5811 | D        | Noticed an azure jelly
  5815 | D        | Noticed Rupert
  5822 | D        | Killed Rupert
  5823 | D        | Reached skill level 1 in Throwing
  5823 | D        | Reached XP level 14. HP: 168/168 MP: 10/13
  5875 | D        | Identified the +7 quick blade "Fatz" {vorpal, rPois rC+
                  | SInv} (Trog gifted it to you in the Dungeon)
  5875 | D        | Received a gift from Trog
  6005 | D        | Killed an azure jelly
  6006 | D        | Killed an azure jelly
  6008 | D        | Killed an azure jelly
  6014 | D        | Killed an azure jelly
  6105 | D        | Noticed a kraken
  6113 | D        | Killed a kraken
  6201 | D        | Found Veurch's Antique Weapon Shoppe.
  6201 | D        | Found Ramis's Magic Scroll Boutique.
  6201 | D        | Found Kifecask's Book Shop.
  6581 | D        | Received a gift from Trog
  6796 | D        | Got a barnacled rune of Zot
  6800 | D        | Bought a scroll of magic mapping for 35 gold pieces
  6946 | D        | Found Noonlig's Jewellery Emporium.
  6946 | D        | Found Vucsitav's Antique Armour Shop.
  6946 | D        | Found Edit's Distillery.
  6947 | D        | Received a gift from Trog
  7087 | D        | Noticed the 27-headed Lernaean hydra
  7096 | D        | Killed the 26-headed Lernaean hydra
  7106 | D        | Got a decaying rune of Zot
  7495 | D        | Noticed Frederick
  7510 | D        | Killed Frederick
  7585 | D        | Noticed a lich
  7588 | D        | Killed a lich
  7588 | D        | Received a gift from Trog
  7602 | D        | Noticed a shadow dragon
  7604 | D        | Noticed a shadow dragon
  7607 | D        | Killed a shadow dragon
  7611 | D        | Reached skill level 27 in Armour
  7611 | D        | Reached skill level 5 in Evocations
  7618 | D        | Killed a shadow dragon
  7618 | D        | Received a gift from Trog
  7619 | D        | Reached skill level 5 in Throwing
  7789 | D        | Noticed a sphinx
  7789 | D        | Noticed a sphinx
  7802 | D        | Killed a sphinx
  7803 | D        | Killed a sphinx
  8049 | D        | Received a gift from Trog
  8256 | D        | Reached XP level 15. HP: 32/174 MP: 3/14
  8646 | D        | Reached skill level 10 in Throwing
  8648 | D        | Received a gift from Trog
  9170 | D        | Paralysed by an air elemental for 1 turns
  9292 | D        | Found Sigratt's Armour Emporium.
  9292 | D        | Found Jepte's Armour Shop.
  9292 | D        | Found Irhoen's Armour Shop.
  9292 | D        | Found Pecvocwotwa's Distillery.
  9299 | D        | Received a gift from Trog
  9393 | D        | Noticed Boris
  9414 | D        | Received a gift from Trog
  9427 | D        | Killed Boris
  9428 | D        | Reached skill level 10 in Evocations
  9632 | D        | Found Maenadac's Distillery.
  9697 | D        | Identified Roxanne's Incunabulum of the Rocks
  9697 | D        | Noticed Roxanne
  9708 | D        | Killed Roxanne
  9709 | D        | Reached skill level 15 in Dodging
  9766 | D        | Identified the ring of the Death Scarab {rN+ Str+2 Slay+4}
  9815 | D        | Received a gift from Trog
  9828 | D        | Identified the +12 battleaxe "Liwunob" {vorpal, *Slow Fly
                  | rElec rF+++} (Trog gifted it to you in the Dungeon)
  9828 | D        | Received a gift from Trog
  9995 | D        | Noticed Nikola
  9995 | D        | Noticed a storm dragon
 10002 | D        | Killed a storm dragon
 10017 | D        | Killed Nikola
 10290 | D        | Received a gift from Trog
 10370 | D        | Noticed Mara
 10372 | D        | Noticed mhtbhm's illusion
 10380 | D        | Received a gift from Trog
 10401 | D        | Killed Mara
 10402 | D        | Reached skill level 15 in Throwing
 10617 | D        | Noticed an ancient champion
 10620 | D        | Killed an ancient champion
 10621 | D        | Identified the +6 scale mail "Qubbowk" {Dex+5}
 10621 | D        | Identified the +7 broad axe of Conscience {vorpal, rElec
                  | rPois Str+4 Int-5}
 10704 | D        | Received a gift from Trog
 11078 | D        | Noticed a black draconian knight
 11078 | D        | Noticed a black draconian knight
 11087 | D        | Killed a black draconian knight
 11089 | D        | Killed a black draconian knight
 11093 | D        | Received a gift from Trog
 11197 | D        | Noticed an Executioner
 11200 | D        | Killed an Executioner
 11288 | D        | Noticed Nessos
 11301 | D        | Killed Nessos
 11301 | D        | Received a gift from Trog
 11425 | D        | Noticed a deep elf blademaster
 11425 | D        | Noticed a deep elf blademaster
 11428 | D        | Killed a deep elf blademaster
 11429 | D        | Reached XP level 16. HP: 183/183 MP: 11/15
 11429 | D        | Noticed a deep elf blademaster
 11429 | D        | Noticed a deep elf blademaster
 11429 | D        | Noticed a deep elf blademaster
 11435 | D        | Killed a deep elf blademaster
 11435 | D        | Received a gift from Trog
 11439 | D        | Killed a deep elf blademaster
 11440 | D        | Reached skill level 15 in Evocations
 11445 | D        | Killed a deep elf blademaster
 11446 | D        | Killed a deep elf blademaster
 11567 | D        | Noticed a Killer Klown
 11582 | D        | Killed a Killer Klown
 11659 | D        | Noticed an Orb Guardian
 11659 | D        | Noticed an Orb Guardian
 11664 | D        | Killed an Orb Guardian
 11666 | D        | Killed an Orb Guardian
 11668 | D        | Received a gift from Trog
 11730 | D        | Noticed an ancient lich
 11738 | D        | Killed an ancient lich
 11738 | D        | Received a gift from Trog
 11786 | D        | Noticed an electric golem
 11792 | D        | Killed an electric golem
 11793 | D        | Reached skill level 5 in Shields
 12235 | D        | Found the +4 dragonskin cloak
 12235 | D        | Noticed Tiamat
 12240 | D        | Reached skill level 10 in Shields
 12254 | D        | Killed Tiamat
 12254 | D        | Received a gift from Trog
 12838 | D        | Bought a scroll of blinking for 82 gold pieces
 12838 | D        | Bought a scroll of holy word for 82 gold pieces
 12838 | D        | Bought a scroll of holy word for 82 gold pieces
 13011 | D        | Noticed a royal mummy
 13011 | D        | Noticed a royal mummy
 13013 | D        | Received a gift from Trog
 13014 | D        | Reached skill level 15 in Shields
 13880 | D        | Killed a royal mummy
 13880 | D        | Received a gift from Trog
 14152 | D        | Killed a royal mummy
 14160 | D        | Got a golden rune of Zot
 14161 | D        | Identified the +7 hand axe of the Middle {vorpal, rPois
                  | rC+}
 14192 | D        | Identified the ring of Oguchai {rElec rC+ MP+9 SInv}
 14194 | D        | Identified the +10 spear "Zefof" {vorpal, rN+ Will+ Str+6}
 14201 | D        | Identified the +9 hand axe "Wucurivo" {venom, Int+2}
 14204 | D        | Identified the +1 robe of Bumiumit {Will+}
 14233 | D        | Acquired the +0 pair of boots of the Big Bang {rF+ rCorr
                  | Int+2}
 14242 | D        | Acquired 1217 gold pieces
 14246 | D        | Acquired 712 gold pieces
 14250 | D        | Acquired the amulet of Law {Reflect Dex+4 SH+5}
 14286 | D        | Acquired 849 gold pieces
 14429 | D        | Bought a potion of heal wounds for 65 gold pieces
 14429 | D        | Bought a potion of resistance for 130 gold pieces
 14476 | D        | Bought a potion of haste for 130 gold pieces
 14476 | D        | Bought a potion of haste for 130 gold pieces
 14487 | D        | Identified the -4 tower shield "Lumij" {Will+}
 14487 | D        | Noticed Mennas
 14499 | D        | Killed Mennas
 14554 | D        | Received a gift from Trog
 14936 | D        | Noticed Geryon
 14945 | D        | Received a gift from Trog
 14949 | D        | Reached XP level 17. HP: 191/191 MP: 0/16
 14955 | D        | Killed Geryon
 15137 | D        | Noticed an iron giant
 15146 | D        | Received a gift from Trog
 15157 | D        | Killed an iron giant
 15493 | D        | Received a gift from Trog
 15590 | D        | Found the +7 Kryia's mail coat {PotionHeal*2 rC+}
 15591 | D        | Noticed a Hell Sentinel
 15600 | D        | Killed a Hell Sentinel
 15606 | D        | Identified the +2 pair of gloves of the Four of Cups {rF+
                  | rN+ Will+}
 15874 | D        | Noticed a Hell Sentinel
 15874 | D        | Found the +4 staff of Dispater
 15874 | D        | Noticed Dispater
 15874 | D        | Noticed a Hell Sentinel
 15885 | D        | Noticed a Hell Sentinel
 15887 | D        | Noticed a Hell Sentinel
 15891 | D        | Noticed a Hell Sentinel
 15892 | D        | Killed a Hell Sentinel
 15901 | D        | Killed a Hell Sentinel
 15901 | D        | Received a gift from Trog
 15903 | D        | Killed Dispater
 15908 | D        | Got an iron rune of Zot
 15909 | D        | Identified the ring of Madier {rPois rF+ rN+ Str+2}
 15909 | D        | Identified the +6 long sword "Ziraamihe" {flame, Will++
                  | Str-2 Int+9 SInv}
 16249 | D        | Noticed a royal mummy
 16249 | D        | Noticed a royal mummy
 16254 | D        | Reached skill level 27 in Shields
 16260 | D        | Killed a royal mummy
 16261 | D        | Killed a royal mummy
 16671 | D        | Received a gift from Trog
 16681 | D        | Noticed Gloorx Vloq
 16695 | D        | Killed Gloorx Vloq
 16695 | D        | Received a gift from Trog
 16868 | D        | Noticed a royal mummy
 16871 | D        | Noticed a royal mummy
 16873 | D        | Killed a royal mummy
 16874 | D        | Reached skill level 10 in Stealth
 16888 | D        | Killed a royal mummy
 16888 | D        | Received a gift from Trog
 17311 | D        | Noticed an Orb Guardian
 17311 | D        | Noticed an Orb Guardian
 17313 | D        | Noticed an Orb Guardian
 17431 | D        | Noticed Ereshkigal
 17431 | D        | Noticed a royal mummy
 17435 | D        | Received a gift from Trog
 17444 | D        | Received a gift from Trog
 17446 | D        | Noticed a Tzitzimitl
 17449 | D        | Noticed a royal mummy
 17450 | D        | Noticed a Tzitzimitl
 17457 | D        | Killed a royal mummy
 17461 | D        | Noticed a Tzitzimitl
 17461 | D        | Killed a royal mummy
 17461 | D        | Received a gift from Trog
 17461 | D        | HP: 13/286 [something (9)]
 17467 | D        | HP: 1/286 [Ereshkigal/bolt of cold (15)]
 17468 | D        | Paralysed by Ereshkigal for 2 turns
 17472 | D        | Killed from afar by Ereshkigal

Illustrated notes

Levels and vault maps discovered:
D:        dungeon_sprint_mu [sprint_mu_entry_forest, sprint_mu_temple_rooms,
          sprint_mu_d1_horrors, sprint_mu_d2_genie, sprint_mu_d3_branching,
          sprint_mu_orc_legion, sprint_mu_elf_gauntlet, sprint_mu_hive_nellie,
          sprint_mu_lair_fedhas, sprint_mu_vaults_butterflies,
          sprint_mu_slime_circle, sprint_mu_swamp_cave, sprint_mu_shoals_kraken,
          sprint_mu_blade_basic, sprint_mu_crypt_chambers,
          sprint_mu_tomb_spiral, sprint_mu_vestibule_basic,
          sprint_mu_gehenna_hellfire, sprint_mu_dis_giant,
          sprint_mu_tartarus_statrot, sprint_mu_cocytus_islands, sprint_mu_zot1]

Skill      XL: |  1  2  3  4  5  6  7  8  9 10 11 12 13 14 15 16 17 |
---------------+----------------------------------------------------+-----
Fighting       | 5 7 8 11 12 14 15 17 21 23 27 | 27.0
Axes           | 5 7 9 12 14 16 18 20 23 24 27 | 27.0
Armour         | 3 4 6 7 8 9 11 15 19 27 | 27.0
Dodging        | 3 4 6 7 8 9 10 11 13 19 22 26 | 26.7
Stealth        | 2 3 4 6 7 12 | 12.0
Evocations     | 1 2 3 7 14 17 19 | 19.2
Throwing       | 1 9 17 19 21 | 21.3
Shields        | 21 27 | 27.0

Action                   |  1- 3 |  4- 6 |  7- 9 | 10-12 | 13-15 | 16-18 || total
-------------------------+-------+-------+-------+-------+-------+-------++-------
Melee: Hand axe          |    18 |    12 |    27 |       |       |       ||    57
       Headbutt          |     2 |     4 |    18 |    26 |   129 |    90 ||   269
       Punch             |     1 |       |     1 |     1 |       |       ||     3
       Broad axe         |       |       |    41 |   156 |       |   163 ||   360
       Executioner's axe |       |       |       |    50 |   435 |   124 ||   609
       Battleaxe         |       |       |       |    11 |    22 |    16 ||    49
Throw: Dart              |       |       |       |       |     2 |       ||     2
Invok: Berserk           |     3 |       |     2 |     8 |    15 |    13 ||    41
       Brothers in Arms  |       |       |       |     2 |     2 |     1 ||     5
       Trog's Hand       |       |       |       |       |       |     1 ||     1
Evoke: Phial of floods   |       |       |     1 |       |       |       ||     1
       Wand              |       |       |       |     1 |     2 |     1 ||     4
       Lightning rod     |       |       |       |     1 |       |       ||     1
  Use: Potion            |     1 |       |       |     4 |     1 |     3 ||     9
       Scroll            |       |       |       |     3 |    11 |    15 ||    29
 Stab: Sleeping          |       |     1 |     1 |       |       |       ||     2
       Distracted        |       |       |       |       |       |     1 ||     1
Armor: Animal skin       |     2 |     2 |     1 |       |       |       ||     5
       Ring mail         |       |       |    15 |    17 |       |       ||    32
       Plate armour      |       |       |       |    53 |   222 |   115 ||   390
Dodge: Dodged            |     3 |       |    36 |    87 |   222 |   205 ||   553
Block: Other             |       |       |       |       |       |     4 ||     4
       Reflection        |       |       |       |       |       |     3 ||     3
       Tower shield      |       |       |       |       |       |   186 ||   186

Table legend: (Time is in decaauts) A = Elapsed time spent in this place. B = Non-inter-level travel time spent in this place. C = Inter-level travel time spent in this place. D = Time resting spent in this place. E = Time spent auto-exploring this place. F = Levels seen in this place. G = Mean time per level. A B C D E F G +--------+--------+--------+--------+--------+-----+--------+ Total | 17588 | 17519 | 69 | 12039 | 467 | 1 | 17588.0 | Dungeon | 17588 | 17519 | 69 | 12039 | 467 | 1 | 17588.0 | +--------+--------+--------+--------+--------+-----+--------+

Top non-repeatable levels by time:
       D: 17588 daAuts
